AoeStats
← Loki das Highlandrind

Black Forest

507473142Analyzed
2v2 RM · 13d ago on Sep 18, 2026· 86m 24s· 4 players
Game mode
Random Map
Map size
Medium (4 player)
Population
200
Speed
Normal
Resources
Standard
Victory
Conquest
Starting age
Dark Age
Ending age
Imperial Age
RankedLock teamsTeams togetherTeam positionsShared explorationLock speedFull tech treeHidden civsTurbo modeCheats
Victory
Defeat
🇦🇷 Chinese · Argentina
1248
+14
🇩🇪 Byzantines · Germany
1244
+15
🇩🇪 Britons · Germany
1255
-16
🇧🇷 Burgundians · Brazil
1172
-13
Inmortal97
0:25 Loom
11:27 Feudal Age
11:59 Double-Bit Axe
12:49 Horse Collar
18:18 Castle Age
17:52 Wheelbarrow
17:21 Gold Mining
19:30 Bow Saw
19:21 Heavy Plow
20:52 Gold Shaft Mining
20:36 Stone Mining
23:07 Fletching
23:17 Padded Archer Armor
27:02 Leather Archer Armor
27:16 Bodkin Arrow
27:47 Ballistics
27:33 Town Watch
29:08 Stone Shaft Mining
28:53 Forging
28:51 Scale Barding Armor
29:30 Hand Cart
32:29 Imperial Age
30:17 Masonry
30:14 Squires
30:07 Pikeman
30:50 Scale Mail Armor
31:57 Iron Casting
31:38 Bloodlines
32:07 Chain Mail Armor
32:13 Chain Barding Armor
32:21 Husbandry
33:09 Caravan
33:41 Conscription
32:43 Cavalier
34:28 Blast Furnace
32:56 Light Cavalry
33:42 Bracer
34:22 Ring Archer Armor
36:29 Plate Barding Armor
35:39 Elite Skirmisher
36:25 Thumb Ring
42:30 Chemistry
47:24 Town Patrol
47:38 Heavy Rocket Cart
52:34 Plate Mail Armor
70:27 Capped Ram
78:37 Siege Ram
Loki das Highlandrind
0:42 Loom
11:49 Feudal Age
12:19 Double-Bit Axe
12:15 Horse Collar
19:20 Castle Age
20:15 Bow Saw
24:26 Wheelbarrow
25:27 Heavy Plow
30:25 Imperial Age
29:41 Scale Barding Armor
29:38 Husbandry
30:40 Elite Skirmisher
31:25 Fletching
31:53 Padded Archer Armor
32:35 Bodkin Arrow
34:20 Chemistry
32:48 Heavy Camel Rider
34:32 Conscription
35:00 Leather Archer Armor
35:15 Chain Barding Armor
36:12 Two-Man Saw
36:25 Ring Archer Armor
36:08 Bracer
37:12 Hand Cart
37:28 Ballistics
37:17 Gold Mining
38:01 Crop Rotation
37:57 Scale Mail Armor
38:09 Forging
38:43 Thumb Ring
38:02 Light Cavalry
39:38 Iron Casting
39:41 Caravan
40:47 Scale Mail Armor
41:22 Plate Barding Armor
43:00 Gold Shaft Mining
43:59 Logistica
43:31 Hussar
45:48 Stone Mining
51:52 Treadmill Crane
54:45 Elite Cataphract
55:42 Logistica
68:15 Cavalier
74:08 Capped Ram
78:16 Fervor
79:45 Siege Ram
80:56 Paladin
R.Tora
7:09 Loom
12:31 Feudal Age
13:37 Double-Bit Axe
17:32 Castle Age
16:07 Horse Collar
19:14 Wheelbarrow
19:00 Bow Saw
24:14 Heavy Plow
25:06 Hand Cart
31:33 Imperial Age
28:59 Gold Mining
29:09 Stone Mining
30:44 Fletching
31:30 Bodkin Arrow
32:19 Yeomen
32:23 Ballistics
32:04 Padded Archer Armor
32:53 Conscription
32:38 Bracer
33:52 Chemistry
33:20 Leather Archer Armor
33:10 Caravan
34:54 Two-Man Saw
34:28 Elite Longbowman
36:01 Ring Archer Armor
36:32 Guilds
36:27 Warwolf
41:24 Onager
54:21 Forging
54:17 Scale Barding Armor
54:52 Light Cavalry
55:32 Husbandry
56:14 Iron Casting
59:12 Blast Furnace
58:33 Chain Barding Armor
60:13 Cavalier
60:14 Cavalier
64:02 Plate Barding Armor
vascoduro
1:30 Loom
12:40 Feudal Age
11:05 Double-Bit Axe
14:06 Bow Saw
13:53 Fishing Lines
18:00 Wheelbarrow
20:20 Castle Age
18:20 Stone Mining
18:39 Gold Mining
18:33 Horse Collar
20:00 Stone Shaft Mining
21:12 Gold Shaft Mining
20:52 Gillnets
21:11 Town Watch
22:30 Two-Man Saw
21:42 Heavy Plow
28:40 Imperial Age
26:18 Fletching
26:51 Padded Archer Armor
26:48 Treadmill Crane
27:24 Bodkin Arrow
28:42 Crop Rotation
28:24 Burgundian Vineyards
28:51 Caravan
29:21 Ballistics
30:34 Chemistry
30:05 Conscription
31:08 Bracer
32:15 Hoardings
32:27 Murder Holes
34:12 Leather Archer Armor
34:09 Masonry
34:43 Fervor
34:48 Block Printing
34:54 Sanctity
34:46 Redemption
34:56 Hand Cart
35:27 Forging
37:30 Elite Coustillier
38:15 Town Patrol
38:22 Scale Barding Armor
38:53 Iron Casting
38:42 Elite Skirmisher
40:03 Husbandry
40:10 Cavalier
41:59 Blast Furnace
43:05 Architecture
42:28 Light Cavalry
44:08 Chain Barding Armor
43:37 Hussar
44:09 Paladin
46:29 Plate Barding Armor
46:18 Pikeman
46:58 Squires
51:03 Onager
53:33 Scale Mail Armor
53:32 Halberdier
55:37 Chain Mail Armor
55:45 Arson
58:10 Crossbowman
60:48 Fortified Wall
65:27 Arrowslits
Connection lost

Rejoining the realm…

Still unreachable

The connection could not be restored.

Session expired

The server has moved on; the page needs a fresh start.